 Dungeon Crawl Stone Soup version 0.32-a0-338-g4f8ebfe289 (webtiles) character file.

Game seed: 11345503263343514725

3152 Kenran the Basher (level 9, -6/81 HPs)
             Began as a Mountain Dwarf Ice Elementalist on Feb 17, 2024.
             Was a Believer of Okawaru.
             Mangled by an orc knight
             ... wielding a +0 glaive
              (9 damage)
             ... in a bailey.
             The game lasted 00:14:18 (7758 turns).

Kenran the Basher (Mountain Dwarf Ice Elementalist) Turns: 7758, Time: 00:14:18

Health: -6/81      AC: 15    Str: 16    XL:     9   Next: 62%
Magic:  11/11      EV:  7    Int: 15    God:    Okawaru [**....]
Gold:   405        SH:  5    Dex: 10    Spells: 10/11 levels left

rFire   . . .        D - +4 broad axe (heavy)
rCold   . . .        (no shield)
rNeg    . . .        F - +6 chain mail of Impatience {rPois Will+}
rPois   +            k - +0 helmet
rElec   .            (no cloak)
rCorr   .            (no gloves)
SInv    .            (no boots)
Will    ++...        w - amulet of reflection Stlth
                     e - ring of willpower
HPRegen 0.33/turn    (no ring)
MPRegen 0.12/turn

%: reflection
@: mighty, studying Shields
A: runic magic, artefact enchanting
a: Renounce Religion, Heroism


You were in a bailey.
You worshipped Okawaru.
Okawaru was pleased with you.
You visited 2 branches of the dungeon, and saw 8 of its levels.
You also visited: Sewer and Bailey.

You collected 405 gold pieces.

Inventory:

Hand Weapons
 y - a +1 flail of holy wrath
 A - a +0 heavy flail
 D - a +4 heavy broad axe (weapon)
Missiles
 i - 18 poisoned darts
Armour
 k - a +0 helmet (worn)
 F - the +6 chain mail of Impatience (worn) {rPois Will+}
   (You found it on level 6 of the Dungeon)

   rPois:     It protects you from poison Will+: It increases your willpower.
Jewellery
 e - a ring of willpower (left hand)
 w - an amulet of reflection (around neck)
Wands
 a - a wand of light (4)
 g - a wand of mindburst (6)
 s - a wand of flame (26)
Scrolls
 c - 2 scrolls of teleportation {unknown}
 f - a scroll of summoning
 j - 2 scrolls of blinking
 l - a scroll of enchant armour
 m - a scroll of amnesia
 n - a scroll of silence
 q - a scroll of revelation {unknown}
 r - 2 scrolls of vulnerability {unknown}
 u - 3 scrolls of noise {unknown}
 v - a scroll of enchant weapon
Potions
 b - a potion of magic
 d - 2 potions of heal wounds {unknown}
 h - a potion of attraction {unknown}
 o - 4 potions of curing {@q1}
 p - a potion of haste {unknown}
 x - a potion of invisibility {unknown}
 z - a potion of cancellation {unknown}
 B - a potion of degeneration {unknown}
 C - a potion of might


   Skills:
 - Level 8.1 Fighting
 + Level 8.3(10.4) Axes
 - Level 10.0(11.2) Maces & Flails
 - Level 1.8 Armour
 - Level 1.3 Dodging
 - Level 1.4 Stealth
 - Level 1.7 Spellcasting
 - Level 3.6 Ice Magic
 - Level 2.3 Invocations


You had 10 spell levels left.
You knew the following spells:

 Your Spells              Type           Power      Damage    Failure   Level
a - Freeze                Ice            48%        1d6       10%         1

Your spell library contained the following spells:

 Spells                   Type           Power      Damage    Failure   Level
 Frozen Ramparts          Ice            24%        1d4       28%         3
 Ozocubu's Armour         Ice            12%        N/A       28%         3
 Sublimation of Blood     Necr           1%         N/A       54%         2
 Fugue of the Fallen      Necr           1%         N/A       77%         3
 Gell's Gravitas          Tloc           1%         N/A       77%         3
 Teleport Other           Tloc           1%         N/A       77%         3
 Brom's Barrelling Bould  Conj/Erth      1%         2d3       99%         4
 Ignite Poison            Fire/Alch      1%         N/A       99%         4
 Manifold Assault         Tloc           1%         N/A       99%         4
 Sticky Flame             Fire/Alch      1%         2d4       99%         4
 Fireball                 Conj/Fire      0%         3d3       100%        5
 Iskenderun's Battlesphe  Conj           1%         2d6       100%        5
 Conjure Ball Lightning   Conj/Air       0%         3x3d6     100%        6
 Dispersal                Tloc           0%         N/A       100%        6
 Orb of Destruction       Conj           0%         9d5       100%        7
 Ignition                 Fire           0%         3d3       100%        8
 Summon Ice Beast         Ice/Summ       Unusable   N/A       N/A         3
 Call Imp                 Summ           Unusable   N/A       N/A         2
 Summon Hydra             Summ           Unusable   N/A       N/A         7

Dungeon Overview and Level Annotations

Branches:
Dungeon (7/15)             Temple (1/1) D:6           Sewer (visited)
 Bailey (1/1)

Altars:
Ashenzari
Cheibriados
Fedhas
Gozag
Hepliaklqana
Kikubaaqudgha
Makhleb
Nemelex Xobeh
Okawaru
Qazlal
Ru
Sif Muna
Trog
Uskayaw
Vehumet
Wu Jian
Xom
Yredelemnul
Zin
The Shining One

Shops:
D:2 (   D:6 :

Annotations:
D:2 exclusion: downstairs


Innate Abilities, Weirdness & Mutations

Your spellcasting is much less encumbered by armour.
You can use scrolls of enchantment on lesser artefacts.


Message History

The orc warrior is lightly wounded.
The orc warrior barely misses you. x2
You slice the orc warrior!!
You kill the orc warrior!
Okawaru accepts your kill.
No target in view!
No target in view!
You enter the shallow water.
Moving in this stuff is going to be slow.
As you open the gate, it creaks loudly!
An orc opens the door.
Found a manual of Shields and a steaming arbalest.
Found two gates leading back out of this place.
An orc knight and an orc come into view.
An orc warrior comes into view. It is wielding a +0 glaive.
Found 3 scrolls of enchant weapon.
The orc knight shouts!
The orc warrior shouts!
The orc knight roars a battlecry!
The orcs go into a battle-frenzy!
The orc hits you from afar with a +0 trident.
There is an open gate here.
The orc barely misses you.
The orc warrior hits you from afar with a +0 glaive.
The orc knight hits you from afar with a +0 glaive!!
The orc hits you but does no damage.
You see here a manual of Shields.
You pick up a manual of Shields and begin studying.
You block the orc's attack.
The orc warrior hits you from afar with a +0 glaive!!
The orc knight hits you but does no damage.
The orc hits you but does no damage. You block the orc warrior's attack.
The orc knight hits you from afar with a +0 glaive!
* * * LOW HITPOINT WARNING * * *
There is a gate leading back out of this place, spattered with blood here.
You block the orc's attack.
The orc warrior hits you from afar with a +0 glaive!
* * * LOW HITPOINT WARNING * * *
The orc knight hits you from afar with a +0 glaive!
You die...

.≈≈≣≣≣≈≈~~~~~~~~~~~~~~~≈≈≣≣≣≈≈...
.≈≣≣.≣≣≈~~~~~~~~~~~~~~~≈≣≣.≣≣≈...
.≈≣....~~~~~~~~~~~~~~~~~....≣≈...
.≈≣≣.∩≣≈~~~~~~~~~~~~~~~≈≣∩.≣≣≈...
.≈≈≣.≣≣≈~~~~≣≣≣≣≣≣≣~~~~≈≣≣.≣≈≈...
.~≈≈~≈≈≈~~~~≣≣~~~~≣≣~~~≈≈≈~≈≈~...
.~~~~~~~~~~~≣≣~~~~~≣≣~~~~~~~~~...
.~~~~~~~~~~~≣≣'''≣~~≣≣~~~~~~~~...
.~~~~~~~≣≣~~≣≣∩o@≣≣~~≣~~~~~~~~...
.~~~~~~~≣≣~≣≣▓▓o▓▓≣≣~≣≣~~~~~~~...
.~~~~~~~≣≣~')▓oo.▓)'~≣≣~~~~~~~...
.~~~~~~~≣≣~≣≣▓.ß.▓≣≣~≣≣~~~~~~~...
.~~~~~~~≣≣~')▓).?▓)'~≣≣~~~~~~~...
.~~~~~~~≣≣~≣≣▓▓▓▓▓≣≣~≣≣~~~~~~~...
.)~~~~~~~≣~~≣≣.≣.≣≣~~≣~~~~~~~~...
.~~~~~~~~≣≣~~≣'≣'≣~~≣≣~~~~~~~~...
.)~)~~~~ ≣≣~~~~~~~≣≣~~~~~~~~~...


You could see an orc knight, an orc warrior (strong) and 2 orcs.

Vanquished Creatures
  A steam dragon (D:6)
  Pargi (D:3)
  9 orc warriors (Bailey)
  2 ice beasts
  2 black bears
  An ogre (D:4)
  A centaur (D:7)
  A phantom (D:5)
  A kobold brigand (D:6)
  2 bullfrogs (Sewer)
  A gnoll sergeant (D:6)
  4 scorpions
  4 hounds
  2 orc priests (D:4)
  Terence (D:3)
  4 iguanas
  Natasha (thrice) (D:3)
  3 sleepcaps
  Robin (D:3)
  10 adders
  3 gnolls (D:6)
  2 river rats (D:6)
  14 dart slugs
  2 ribbon worms
  24 orcs
  14 endoplasms
  7 giant cockroaches
  8 hobgoblins
  4 jackals (D:1)
  5 quokkas
  20 ball pythons
  6 bats
  13 frilled lizards
  23 goblins
  15 kobolds
  6 rats
220 creatures vanquished.

Notes
Turn   | Place    | Note
-------+----------+-------------------------------------------
     0 | D:1      | Kenran the Mountain Dwarf Ice Elementalist began the quest
                  | for the Orb.
     0 | D:1      | Reached XP level 1. HP: 14/14 MP: 3/3
    95 | D:1      | Reached skill level 1 in Fighting
   313 | D:1      | Reached XP level 2. HP: 16/24 MP: 0/4
   516 | D:1      | Reached XP level 3. HP: 31/31 MP: 1/5
  1288 | D:2      | Reached skill level 1 in Maces & Flails
  1288 | D:2      | Reached XP level 4. HP: 25/40 MP: 1/6
  1568 | D:2      | Found Japtyargh's Weapon Boutique.
  1607 | D:2      | Reached skill level 2 in Maces & Flails
  1633 | D:2      | Identified the +0 chain mail of the Doldrums {Int+2}
  1861 | D:3      | Noticed Pargi
  1999 | D:3      | Noticed Robin
  2141 | D:2      | Reached skill level 3 in Maces & Flails
  2291 | D:3      | Killed Robin
  2292 | D:3      | Reached XP level 5. HP: 46/46 MP: 0/7
  2389 | D:3      | Found a faded altar of an unknown god.
  2432 | D:3      | Noticed Natasha
  2463 | D:3      | Killed Natasha
  2464 | D:3      | Reached skill level 4 in Maces & Flails
  2484 | D:3      | Noticed Natasha
  2690 | D:3      | Noticed Terence
  2713 | D:3      | Killed Terence
  2871 | D:3      | Killed Natasha
  2927 | D:3      | Reached skill level 5 in Maces & Flails
  2933 | D:3      | Found a broken altar of Ashenzari.
  3009 | D:3      | Noticed Natasha
  3020 | D:3      | Killed Natasha
  3276 | D:3      | Reached XP level 6. HP: 47/52 MP: 8/8
  3377 | D:3      | Killed Pargi
  3378 | D:3      | Reached skill level 6 in Maces & Flails
  3887 | D:4      | Reached skill level 7 in Maces & Flails
  3903 | D:4      | Reached XP level 7. HP: 25/59 MP: 5/9
  4011 | D:4      | Reached skill level 8 in Maces & Flails
  4066 | D:4      | You fall into a shaft and drop 1 floor!
  4066 | D:5      | Entered Level 5 of the Dungeon
  4633 | D:4      | Reached skill level 9 in Maces & Flails
  4754 | D:4      | Found a glowing golden altar of the Shining One.
  5055 | D:5      | Reached skill level 5 in Fighting
  5055 | D:5      | Reached XP level 8. HP: 42/68 MP: 10/10
  5510 | D:6      | Reached skill level 10 in Maces & Flails
  5519 | D:6      | Found a staircase to the Ecumenical Temple.
  5534 | Temple   | Entered the Ecumenical Temple
  5547 | Temple   | Became a worshipper of Warmaster Okawaru
  5667 | D:6      | Found a glowing drain.
  5781 | Sewer    | Entered a sewer
  6073 | Sewer    | Reached skill level 1 in Invocations
  6108 | Sewer    | Reached * piety under Okawaru
  6109 | Sewer    | Reached skill level 1 in Armour
  6360 | D:6      | Reached skill level 1 in Axes
  6360 | D:6      | Reached XP level 9. HP: 69/81 MP: 11/11
  6413 | D:6      | Found Firche Heata's Tremendous Tomes.
  6509 | D:6      | Found an ornate altar of the Wu Jian Council.
  6510 | D:6      | Found a sacrificial altar of Ru.
  6779 | D:6      | Identified the +6 chain mail of Impatience {rPois Will+}
  7045 | D:7      | Found a flagged portal.
  7054 | Bailey   | Entered a bailey
  7188 | Bailey   | Reached skill level 5 in Axes
  7363 | Bailey   | Reached ** piety under Okawaru
  7754 | Bailey   | Noticed an orc knight
  7758 | Bailey   | HP: 3/81 [orc warrior/+0 glaive (13)]
  7758 | Bailey   | Mangled by an orc knight

Illustrated notes

Levels and vault maps discovered:
D:1:      dpeg_arrival_houses_and_road, layout_basic
D:2:      layout_basic, serial_shops, nicolae_shop_crystal
D:3:      layout_basic, lemuel_doored_altar,
          shapermc_ecumenical_altar_mp_vishouse, minmay_increasing_density,
          uniq_natasha, uniq_terence, uniq_pargi, uniq_robin
D:4:      layout_rooms, nicolae_tso_swordbearing_angel, minmay_ogre_servants
D:5:      layout_loops_cross
D:6:      layout_basic, nicolae_overflow_hidden_temple,
          minmay_temple_entry_statues_fountains, portal_sewer_entry_b,
          nicolae_shop_i_like_big_books, minmay_misc_feat_four_crosses
D:7:      layout_rooms, enter_bailey_8, uniq_duvessa
Temple:   regret_index_temple_sphere_string
Bailey:   bailey_polearm_2, bailey

Skill      XL: |  1  2  3  4  5  6  7  8  9 |
---------------+----------------------------+-----
Fighting       | 1 3 4 5 8 |  8.1
Maces & Flails | 1 3 5 7 9 10 | 10.0
Invocations    | 2 |  2.3
Armour         | 1 |  1.8
Axes           | 1 8 |  8.3
Dodging        | |  1.3
Stealth        | |  1.4
Spellcasting   | |  1.7
Ice Magic      | |  3.6

Action                     |  1- 3 |  4- 6 |  7- 9 || total
---------------------------+-------+-------+-------++-------
  Melee: Short sword       |    79 |    56 |    55 ||   190
         Dagger            |     2 |       |       ||     2
         Whip              |     4 |   147 |       ||   151
         Flail             |       |       |   263 ||   263
         Broad axe         |       |       |    69 ||    69
   Cast: Freeze            |    29 |    47 |     1 ||    77
    Use: Scroll            |     3 |     2 |     3 ||     8
         Potion            |       |     2 |     2 ||     4
   Stab: Sleeping          |     1 |       |       ||     1
 Armour: Ring mail         |    93 |    24 |       ||   117
         Robe              |     5 |       |       ||     5
         Chain mail        |       |   258 |   429 ||   687
  Dodge: Dodged            |    73 |   106 |   152 ||   331
  Block: Other             |       |       |    81 ||    81
         Reflection        |       |       |     8 ||     8

Table legend: (Time is in decaauts)
 A = Elapsed time spent in this place.
 B = Non-inter-level travel time spent in this place.
 C = Inter-level travel time spent in this place.
 D = Time resting spent in this place.
 E = Time spent auto-exploring this place.
 F = Levels seen in this place.
 G = Mean time per level.
                   A        B        C        D        E       F      G
               +--------+--------+--------+--------+--------+-----+--------+
         Total |   8020 |   7687 |    333 |   2396 |   3133 |  10 |  802.0 |
       Dungeon |   6684 |   6375 |    309 |   1889 |   2934 |   7 |  954.9 |
        Temple |     26 |      2 |     24 |      0 |      0 |   1 |   26.0 |
         Sewer |    521 |    521 |      0 |    116 |     67 |   1 |  521.0 |
        Bailey |    788 |    788 |      0 |    391 |    131 |   1 |  788.0 |
               +--------+--------+--------+--------+--------+-----+--------+

Top non-repeatable levels by time:
     D:3: 1323 daAuts
     D:1: 1262 daAuts
     D:2: 1234 daAuts
     D:6: 1097 daAuts
     D:5: 922 daAuts
     D:4: 797 daAuts
  Bailey: 788 daAuts
   Sewer: 521 daAuts
     D:7: 45 daAuts
  Temple: 26 daAuts
